Map: Disco Bloodbath LE

Players

Djorn - Winner!

  • Race: Protoss Protoss
  • Spawn Location: 9:00

VOD

Have the link to the VOD?

Description

Time

  • Played on: Aug. 20, 2019, 7:53 p.m.
  • Length: 13:14
Show
View Real Time Build Order
Export as new Build Order

Djorn Protoss - Winner!

Build Orders:  

Get SALT Encoding   

  12  0:05  Probe (Chrono Boost)  
  14  0:22  Probe (Chrono Boost)  
  14  0:37  Pylon  
  14  0:45  Probe (Chrono Boost)  
  15  0:59  Probe (Chrono Boost)  
  16  1:37  Probe (Chrono Boost)  
  17  1:41  Gateway  
  17  1:54  Pylon  
  17  1:59  Probe (Chrono Boost)  
  18  2:10  Probe (Chrono Boost)  
  19  2:22  Probe (Chrono Boost)  
  19  2:25  Pylon  
  19  2:29  Assimilator  
  20  2:39  Probe (Chrono Boost)  
  21  2:46  Pylon  
  21  2:50  Gateway  
  21  2:51  Gateway  
  21  2:56  Probe (Chrono Boost)  
  22  3:32  Cybernetics Core  
  22  3:40  Nexus  
  22  3:48  Zealot  
  22  5:11  Probe (Chrono Boost)  
  22  5:23  Gateway  
  22  5:26  Gateway  
  22  5:28  Probe (Chrono Boost)  
  22  5:29  Gateway  
  23  5:31  Gateway  
  23  5:33  Warp Gate  
  23  5:44  Stalker  
  23  5:45  Probe (Chrono Boost)  
  26  6:02  Probe (Chrono Boost)  
  27  6:19  Probe (Chrono Boost)  
  28  6:37  Pylon  
  28  7:01  Zealot  
  28  7:05  Zealot x2  
  28  7:06  Zealot x2  
  38  7:22  Robotics Facility  
  38  7:29  Twilight Council  
  39  7:40  Probe (Chrono Boost)  
  39  7:47  Zealot x3  
  39  7:48  Zealot x2  
  49  7:57  Probe (Chrono Boost)  
  50  8:00  Assimilator  
  50  8:14  Probe (Chrono Boost)  
  50  8:19  Zealot  
  54  8:31  Probe (Chrono Boost)  
  54  8:55  Pylon  
  54  8:58  Pylon  
  54  9:02  Pylon  
  54  9:09  Pylon  
  54  9:19  Pylon  
  54  9:22  Probe (Chrono Boost)  
  54  9:27  Stalker  
  57  9:34  Stalker  
  57  9:35  Stalker  
  57  9:36  Stalker  
  57  9:37  Stalker  
  65  9:54  Probe (Chrono Boost)  
  67  10:11  Probe (Chrono Boost)  
  67  10:18  Warp Prism  
  67  10:28  Probe (Chrono Boost)  
  68  10:45  Probe (Chrono Boost)  
  69  10:57  Immortal  
  69  11:02  Probe (Chrono Boost)  
  74  11:33  Charge  
  72  11:52  Immortal  
  76  12:04  Zealot  
  76  12:05  Zealot x4  
Tags
 
Add a new tag
Caveats
  • Supply blocks, unpowered buildings, or Contaminate may cause inaccurate times.
  • Supply counts are checked every 10 seconds.